 Dungeon Sprint DCSS version 0.21.1-1-g345015f (webtiles) character file.

59204 Psiloshibe the Hawkeye (level 14, -57/131 HPs)
             Began as a Barachi Berserker on June 2, 2018.
             Was the Champion of Trog.
             Killed from afar by an orb of fire (92 damage)
             ... with a fireball
             ... in the Dungeon (Sprint IX: "|||||||||||||||||||||||||||||").
             The game lasted 00:25:07 (3084 turns).

Psiloshibe the Hawkeye (Barachi Berserker)          Turns: 3084, Time: 00:25:08

Health: -57/131    AC: 30    Str: 22    XL:     14   Next: 94%
Magic:  8/8        EV: 13    Int: 11    God:    Trog [******]
Gold:   1908       SH:  0    Dex: 16    Spells: 13/13 levels left

rFire    . . .     SeeInvis .   P - +9 battleaxe of Trog's Pride {antimagic, rN++ Str+3}
rCold    + . .     Gourm    .   (shield currently unavailable)
rNeg     + + .     Faith    .   M - +2 plate armour
rPois    .         Spirit   .   E - +0 helmet
rElec    .         Reflect  .   n - +0 cloak
rCorr    .         Harm     .   L - +1 pair of gloves
MR       +++..     NoTele   +   o - +0 pair of boots
Stlth    ..........             (no amulet)
HPRegen  1.31/turn              q - +2 ring of protection
MPRegen  0.11/turn              r - +3 ring of intelligence

@: lethally poisoned (-57 -> -57), can't hop, berserk cooldown, regenerating,
slowed, very slow
A: +LOS, swims, cold resistance 1, slowness 1, strong legs 2
a: Hop, Berserk, Trog's Hand, Brothers in Arms, Burn Spellbooks, Renounce
Religion


You were in the Dungeon.
You worshipped Trog.
Trog was exalted by your worship.
You were very hungry.

You visited 1 branch You collected 1908 gold pieces.

Inventory:

Hand Weapons
 a - the +7 short sword of Varghoenk {antimagic, rElec Str+4}
   (Trog gifted it to you in the Dungeon)

   It reduces the magical energy of the wielder, and disrupts the spells and
   magical abilities of those hit.
   Natural abilities and divine invocations are not affected.
   It affects your strength (+4).
   It insulates you from electricity.
 b - a +2 rapier of electrocution
 c - a +7 antimagic triple sword
 d - a +7 short sword of protection
 u - a +5 antimagic short sword
 G - a +2 scimitar of holy wrath
 N - a +2 long sword of slicing
 O - a +2 great sword of flaming
 P - the +9 battleaxe of Trog's Pride (weapon) {antimagic, rN++ Str+3}
   (Trog gifted it to you in the Dungeon)

   It reduces the magical energy of the wielder, and disrupts the spells and
   magical abilities of those hit.
   Natural abilities and divine invocations are not affected.
   It affects your strength (+3).
   It greatly protects you from negative energy.
 Q - a +3 scimitar of electrocution
 S - a +4 quick blade
 U - a +2 double sword of venom
 V - a +4 vampiric great sword
Missiles
 m - 11 needles of sleeping
 t - 7 needles of paralysis
 B - 2 curare-tipped needles
 H - 6 poisoned javelins (quivered)
 T - 8 javelins of penetration
Armour
 n - a +0 cloak (worn)
 o - a +0 pair of boots (worn)
 E - a +0 helmet (worn)
 L - a +1 pair of gloves (worn)
 M - a +2 plate armour (worn)
Jewellery
 q - a +2 ring of protection (left hand)
 r - a +3 ring of intelligence (right hand)
 F - an uncursed ring of protection from magic
 J - an uncursed ring of fire
Wands
 l - a wand of acid (10)
 D - a wand of disintegration (12)
Scrolls
 i - 4 scrolls of blinking
 k - 4 scrolls of remove curse
 x - a scroll of summoning
 y - 2 scrolls of enchant armour
 z - 3 scrolls of fear
 A - 3 scrolls of identify
Potions
 e - 8 potions of heal wounds
 f - a potion of haste
 g - 4 potions of magic
 h - 2 potions of berserk rage
 j - a potion of invisibility
 p - a potion of brilliance
 v - 2 potions of might
 K - 7 potions of curing
Miscellaneous
 w - a lamp of fire
Comestibles
 I - 12 rations
 R - 5 chunks of flesh


   Skills:
 * Level 18.4 Fighting
 + Level 15.2(17.2) Short Blades
 + Level 15.3(18.0) Long Blades
 + Level 2.7 Axes
 * Level 22.5 Throwing
 * Level 18.3 Armour
 + Level 9.3 Dodging
 + Level 1.5 Stealth
 * Level 8.3 Unarmed Combat
 * Level 13.5 Evocations


You had 13 spell levels left.
You didn't know any spells.

Dungeon Overview and Level Annotations

Branches:
Dungeon (1/1)

Altars:
Cheibriados
Dithmenos
Elyvilon
Fedhas
Gozag
Hepliaklqana
Kikubaaqudgha
Makhleb
Nemelex Xobeh
Okawaru
Qazlal
Ru
Sif Muna
Trog
Uskayaw
Vehumet
Wu Jian
Xom
Yredelemnul
Zin
The Shining One
Beogh
Jiyva
Lugonu

Shops:
D }[!?


Innate Abilities, Weirdness & Mutations

Shadows flee at your approach. (+LOS)
You can swim through water.
You cover ground slowly.
You can hop long distances.
Your flesh is cold resistant. (rC+)


Message History

You hear a shout!
Throwing (i - inventory. (,) - cycle):
H - 8 poisoned javelins (quivered)
Press: ? - help, Shift-Dir - straight line, f/p - orb of fire
Aim: an orb of fire (severely damaged)
You throw a poisoned javelin.
The poisoned javelin hits the orb of fire!!
The orb of fire is almost destroyed.
You feel sick.
Unknown command.
Throwing (i - inventory. (,) - cycle):
H - 7 poisoned javelins (quivered)
Press: ? - help, Shift-Dir - straight line, f/p - orb of fire
Aim: an orb of fire (almost destroyed)
You throw a poisoned javelin.
The poisoned javelin hits the orb of fire!
The orb of fire is almost destroyed.
You feel sick.
The orb of fire glows bright magenta.
The fireball explodes!
The fireball engulfs you!
Ouch! That really hurt!
You die...

'▓.▓)▓.▓[▓.▓.▓.▓)▓
.▓.▓)▓.▓)▓.▓.▓.▓.▓
.▓.▓.▓.▓.▓.▓†▓.▓(▓
.▓.▓.▓.▓.▓.▓.▓.▓(▓
.▓.▓.▓.▓)▓.▓.▓.▓O▓
.▓.▓.▓.▓.▓.▓.▓.▓p▓
.▓.▓.▓.▓.▓.▓'▓.▓p▓
.▓.▓.▓.▓.▓.♣.♣.▓*▓
.▓.▓.▓.▓.▓.♣.♣.▓@▓
.▓.▓.▓.▓.▓.♣[♣.▓C▓
%▓.▓)▓.▓[▓.♣.♣.▓)▓
.▓.▓.▓.▓[▓.♣.♣.▓(▓
.▓.▓)▓.▓[▓.♣.♣.▓(▓
.▓.▓)▓.▓[▓.♣.♣.▓e▓
.▓.▓)▓.▓[▓.♣.♣.▓.▓
†▓.▓(▓.▓[▓.♣.♣.▓.▓
.▓.▓.▓.▓[▓.♣)♣.▓)▓


You could see an orb of fire, an ironheart preserver, a deep elf annihilator, a
two-headed ogre, a vault sentinel and a friendly cyclops (berserk).

Vanquished Creatures
  Frances (D)
  A tengu reaver (D)
  A thorn hunter (D)
  A fire giant (D)
  A vault warden (D)
  An emperor scorpion (D)
  3 stone giants (D)
  A very ugly thing (D)
  A vampire knight (D)
  A spark wasp (D)
  Snorg (D)
  5 merfolk impalers (D)
  3 ettins (D)
  Josephine (D)
  2 fire dragons (D)
  4 hydras (D)
  2 naga warriors (D)
  3 yaktaur captains (D)
  Erolcha (D)
  2 ice dragons (D)
  4 centaur warriors (D)
  2 deep troll shamans (D)
  A two-headed ogre (D)
  2 alligators (D)
  2 anacondas (D)
  A merfolk avatar (D)
  An ogre mage (D)
  A naga ritualist (D)
  A swamp dragon (D)
  A flayed ghost (D)
  A wizard (D)
  2 ironbrand convokers (D)
  2 orc knights (D)
  A necromancer (D)
  An orb spider (D)
  2 cyclopes (D)
  An ugly thing (D)
  4 orc sorcerers (D)
  A manticore (D)
  3 black mambas (D)
  Joseph (D)
  A naga mage (D)
  A vault sentinel (D)
  4 spiny frogs (D)
  A yaktaur (D)
  2 demonic crawlers (D)
  A guardian mummy (D)
  2 komodo dragons (D)
  A jumping spider (D)
  A troll (D)
  A merfolk (D)
  2 hornets (D)
  3 hippogriffs (D)
  2 slime creatures (D)
  A redback (D)
  A tarantella (D)
  A water elemental (D)
  3 wraiths (D)
  A wyvern (D)
  2 vampire mosquitoes (D)
  2 water moccasins (D)
  2 porcupines (D)
  10 orc warriors (D)
  A sky beast (D)
  An ice beast (D)
  A swamp drake (D)
  9 wolves (D)
  3 centaurs (D)
  A boggart (D)
  2 crocodiles (D)
  3 bullfrogs (D)
  A killer bee (D)
  3 orc priests (D)
  An iguana (D)
  12 orc wizards (D)
  2 worker ants (D)
  An adder (D)
  A shadow imp (D)
  An ooze (D)
  2 adder skeletons (D)
  A dart slug (D)
  6 orcs (D)
  A goblin (D)
  A ball python zombie (D)
  2 bats (D)
  A bat simulacrum (D)
  A kobold (D)
174 creatures vanquished.

Vanquished Creatures (collateral kills)
  A stone giant (D)
  A fire dragon (D)
  A rakshasa (D)
  A vampire mage (D)
  An ugly thing (D)
5 creatures vanquished.

Vanquished Creatures (others)
  A spiny frog (D)
1 creature vanquished.

Grand Total: 180 creatures vanquished

Notes
Turn   | Place    | Note
-------+----------+-------------------------------------------
     0 | D        | Psiloshibe the Barachi Berserker began the quest for the Orb.
     0 | D        | Reached XP level 1. HP: 18/18 MP: 1/1
    12 | D        | Reached ** piety under Trog
    12 | D        | Reached skill level 1 in Throwing
    19 | D        | Reached XP level 2. HP: 11/26 MP: 2/2
   198 | D        | Noticed an ice beast
   206 | D        | Reached *** piety under Trog
   209 | D        | Reached skill level 5 in Fighting
   209 | D        | Reached skill level 5 in Long Blades
   215 | D        | Killed an ice beast
   215 | D        | Reached skill level 3 in Throwing
   215 | D        | Reached XP level 3. HP: 35/35 MP: 3/3
   215 | D        | Reached XP level 4. HP: 41/41 MP: 4/4
   219 | D        | Reached XP level 5. HP: 48/48 MP: 5/5
   225 | D        | Found a roughly hewn altar of Beogh.
   225 | D        | Found a snail-covered altar of Cheibriados.
   225 | D        | Found a shadowy altar of Dithmenos.
   225 | D        | Found a white marble altar of Elyvilon.
   225 | D        | Found a blossoming altar of Fedhas.
   225 | D        | Found an opulent altar of Gozag.
   225 | D        | Found a hazy altar of Hepliaklqana.
   226 | D        | Found a viscous altar of Jiyva.
   227 | D        | Found an ancient bone altar of Kikubaaqudgha.
   228 | D        | Found a corrupted altar of Lugonu.
   229 | D        | Found a burning altar of Makhleb.
   230 | D        | Found a sparkling altar of Nemelex Xobeh.
   231 | D        | Found an iron altar of Okawaru.
   232 | D        | Found a stormy altar of Qazlal.
   233 | D        | Found a sacrificial altar of Ru.
   234 | D        | Found a deep blue altar of Sif Muna.
   235 | D        | Found a bloodstained altar of Trog.
   236 | D        | Found a hide-covered altar of Uskayaw.
   237 | D        | Found a radiant altar of Vehumet.
   238 | D        | Found an ornate altar of the Wu Jian Council.
   239 | D        | Found a shimmering altar of Xom.
   240 | D        | Found a basalt altar of Yredelemnul.
   241 | D        | Found a glowing silver altar of Zin.
   242 | D        | Found a glowing golden altar of the Shining One.
   297 | D        | Noticed a hippogriff
   297 | D        | Noticed a two-headed ogre
   297 | D        | Noticed a wyvern
   300 | D        | Reached skill level 4 in Throwing
   302 | D        | Reached **** piety under Trog
   306 | D        | Killed a wyvern
   306 | D        | Reached skill level 1 in Short Blades
   306 | D        | Reached skill level 5 in Throwing
   306 | D        | Reached skill level 5 in Dodging
   306 | D        | Reached XP level 6. HP: 56/57 MP: 6/6
   314 | D        | Killed a two-headed ogre
   314 | D        | Received a gift from Trog
   314 | D        | Reached skill level 10 in Fighting
   314 | D        | Reached skill level 7 in Throwing
   314 | D        | Reached XP level 7. HP: 64/67 MP: 7/7
   314 | D        | Reached XP level 8. HP: 70/74 MP: 8/8
   325 | D        | Killed a hippogriff
   346 | D        | Noticed a centaur warrior
   353 | D        | Killed a centaur warrior
   353 | D        | Reached skill level 8 in Throwing
   353 | D        | Reached XP level 9. HP: 70/82 MP: 9/9
   357 | D        | Received a gift from Trog
   370 | D        | Reached skill level 9 in Throwing
   372 | D        | Received a gift from Trog
   374 | D        | Received a gift from Trog
   489 | D        | Noticed a spiny frog
   489 | D        | Noticed a komodo dragon
   493 | D        | Noticed a spiny frog
   493 | D        | Reached ***** piety under Trog
   494 | D        | Killed a spiny frog
   494 | D        | Killed a komodo dragon
   494 | D        | Received a gift from Trog
   494 | D        | Reached skill level 1 in Evocations
   495 | D        | Noticed a six-headed hydra
   499 | D        | Killed a spiny frog
   499 | D        | Reached skill level 10 in Throwing
   499 | D        | Reached XP level 10. HP: 78/92 MP: 10/10
   505 | D        | Killed a six-headed hydra
   554 | D        | Noticed a seven-headed hydra
   554 | D        | Noticed an eight-headed hydra
   558 | D        | Received a gift from Trog
   560 | D        | Reached ****** piety under Trog
   561 | D        | Killed a seven-headed hydra
   561 | D        | Received a gift from Trog
   561 | D        | Reached skill level 11 in Throwing
   563 | D        | Killed an eight-headed hydra
   563 | D        | Reached skill level 10 in Short Blades
   563 | D        | Reached skill level 15 in Long Blades
   572 | D        | Received a gift from Trog
   739 | D        | Received a gift from Trog
   739 | D        | Reached skill level 10 in Armour
   739 | D        | Reached XP level 11. HP: 100/100 MP: 13/13
   845 | D        | Noticed Erolcha
   850 | D        | Killed Erolcha
   896 | D        | Noticed an ettin
   900 | D        | Received a gift from Trog
   902 | D        | Killed an ettin
   902 | D        | Received a gift from Trog
   902 | D        | Reached skill level 12 in Throwing
   902 | D        | Reached skill level 5 in Evocations
   903 | D        | Got a dazzling short sword {god gift}
  1096 | D        | Noticed an orc knight
  1098 | D        | Received a gift from Trog
  1099 | D        | Received a gift from Trog
  1108 | D        | Killed an orc knight
  1108 | D        | Received a gift from Trog
  1112 | D        | Noticed an orc knight
  1139 | D        | Killed an orc knight
  1333 | D        | Found Fyseniop's Magic Scroll Boutique.
  1333 | D        | Noticed an orc sorcerer
  1333 | D        | Noticed an orc sorcerer
  1333 | D        | Noticed an orc sorcerer
  1335 | D        | Received a gift from Trog
  1336 | D        | Killed an orc sorcerer
  1336 | D        | Killed an orc sorcerer
  1336 | D        | Reached skill level 15 in Fighting
  1336 | D        | Reached skill level 13 in Throwing
  1336 | D        | Killed an orc sorcerer
  1336 | D        | Received a gift from Trog
  1349 | D        | Found Ikij's Distillery.
  1354 | D        | Found Diedulea's Antique Armour Boutique.
  1358 | D        | Found Zilaups's Gadget Shop.
  1368 | D        | Noticed an orc sorcerer
  1373 | D        | Received a gift from Trog
  1374 | D        | Killed an orc sorcerer
  1392 | D        | Received a gift from Trog
  1451 | D        | Identified the +7 short sword of Varghoenk {antimagic, rElec Str+4} (Trog gifted it to you in the Dungeon)
  1478 | D        | Noticed Josephine
  1479 | D        | Noticed Joseph
  1489 | D        | Killed Josephine
  1492 | D        | Reached XP level 12. HP: 99/110 MP: 5/17
  1511 | D        | Killed Joseph
  1667 | D        | Noticed a centaur warrior
  1667 | D        | Noticed a centaur warrior
  1667 | D        | Noticed a four-headed hydra
  1668 | D        | Received a gift from Trog
  1669 | D        | Killed a four-headed hydra
  1669 | D        | Reached skill level 14 in Throwing
  1670 | D        | Killed a centaur warrior
  1672 | D        | Killed a centaur warrior
  1699 | D        | Noticed an ettin
  1715 | D        | Noticed a fire dragon
  1727 | D        | Killed an ettin
  1727 | D        | Received a gift from Trog
  1732 | D        | Killed a fire dragon
  1754 | D        | Noticed a rakshasa
  1755 | D        | Noticed a fire dragon
  1756 | D        | Noticed a fire giant
  1765 | D        | Killed a rakshasa
  1765 | D        | Reached skill level 15 in Throwing
  1771 | D        | Killed a fire dragon
  1773 | D        | Killed a fire giant
  1773 | D        | Received a gift from Trog
  2088 | D        | Noticed Frances
  2120 | D        | Killed Frances
  2120 | D        | Received a gift from Trog
  2158 | D        | Noticed a merfolk impaler
  2158 | D        | Noticed a merfolk impaler
  2158 | D        | Noticed a merfolk impaler
  2158 | D        | Noticed a merfolk avatar
  2158 | D        | Noticed a merfolk impaler
  2159 | D        | Noticed a merfolk impaler
  2161 | D        | Killed a merfolk impaler
  2161 | D        | Reached skill level 16 in Throwing
  2161 | D        | Gained mutation: You can hop long distances. [Barachi growth]
  2161 | D        | Reached XP level 13. HP: 88/118 MP: 6/20
  2163 | D        | Killed a merfolk impaler
  2163 | D        | Reached skill level 10 in Evocations
  2163 | D        | Killed a merfolk impaler
  2164 | D        | Received a gift from Trog
  2164 | D        | Received a gift from Trog
  2164 | D        | Reached skill level 15 in Armour
  2164 | D        | Killed a merfolk impaler
  2164 | D        | Reached skill level 17 in Throwing
  2165 | D        | Killed a merfolk impaler
  2283 | D        | Noticed a thorn hunter
  2287 | D        | Received a gift from Trog
  2293 | D        | Killed a thorn hunter
  2295 | D        | Reached skill level 18 in Throwing
  2498 | D        | Noticed an emperor scorpion
  2500 | D        | Received a gift from Trog
  2501 | D        | Reached skill level 15 in Short Blades
  2503 | D        | Received a gift from Trog
  2514 | D        | Killed an emperor scorpion
  2530 | D        | Received a gift from Trog
  2531 | D        | Got an ivory battleaxe {god gift}
  2649 | D        | Identified the +9 battleaxe of Trog's Pride {antimagic, rN++ Str+3} (Trog gifted it to you in the Dungeon)
  2654 | D        | Reached skill level 19 in Throwing
  2654 | D        | Reached skill level 1 in Unarmed Combat
  2660 | D        | Received a gift from Trog
  2697 | D        | Noticed Snorg
  2703 | D        | Killed Snorg
  2703 | D        | Reached XP level 14. HP: 128/128 MP: 7/22
  2795 | D        | Noticed a stone giant
  2795 | D        | Noticed a purple very ugly thing
  2795 | D        | Noticed a tengu reaver
  2800 | D        | Killed a purple very ugly thing
  2800 | D        | Reached skill level 1 in Stealth
  2800 | D        | Reached skill level 20 in Throwing
  2800 | D        | Killed a tengu reaver
  2800 | D        | Received a gift from Trog
  2800 | D        | Reached skill level 5 in Unarmed Combat
  2802 | D        | Noticed a stone giant
  2803 | D        | Killed a stone giant
  2803 | D        | Received a gift from Trog
  2814 | D        | Killed a stone giant
  2818 | D        | Received a gift from Trog
  2818 | D        | Reached skill level 21 in Throwing
  2822 | D        | Noticed a vampire knight
  2825 | D        | Killed a vampire knight
  2853 | D        | Received a gift from Trog
  2890 | D        | Noticed a stone giant
  2898 | D        | Killed a stone giant
  2900 | D        | Reached skill level 1 in Axes
  3011 | D        | Received a gift from Trog
  3013 | D        | Received a gift from Trog
  3017 | D        | Reached skill level 22 in Throwing
  3018 | D        | Received a gift from Trog
  3039 | D        | Noticed a vault warden
  3045 | D        | Killed a vault warden
  3046 | D        | Noticed a stone giant
  3055 | D        | Noticed an orb of fire
  3055 | D        | Noticed a deep elf annihilator
  3056 | D        | Killed a stone giant
  3058 | D        | Received a gift from Trog
  3070 | D        | Noticed an ironheart preserver
  3076 | D        | Gained mutation: Your flesh is cold resistant. (rC+) [an orb of fire]
  3084 | D        | Killed from afar by an orb of fire

Skill      XL: |  1  2  3  4  5  6  7  8  9 10 11 12 13 14 |
---------------+-------------------------------------------+-----
Fighting       | 4 6 7 8 10 12 13 14 15 16 17 18 | 18.4
Long Blades    | 4 7 9 12 13 14 15 | 15.3
Throwing       | 1 3 5 7 8 10 11 13 16 19 22 | 22.5
Armour         | 3 4 6 7 8 10 12 14 17 18 | 18.3
Dodging        | 3 4 5 6 7 8 9 |  9.3
Short Blades   | 1 4 6 8 10 12 14 15 | 15.2
Evocations     | 1 3 7 9 11 13 | 13.5
Unarmed Combat | 3 8 |  8.3
Stealth        | 1 |  1.5
Axes           | 2 |  2.7

Action                   |  1- 3 |  4- 6 |  7- 9 | 10-12 | 13-15 || total
-------------------------+-------+-------+-------+-------+-------++-------
Melee: Falchion          |    26 |     4 |       |       |       ||    30
       Rapier            |       |    13 |    41 |    69 |       ||   123
       Scimitar          |       |     3 |       |       |       ||     3
       Short sword       |       |       |       |    73 |    19 ||    92
       Battleaxe         |       |       |       |       |    24 ||    24
Throw: Javelin           |       |       |       |    33 |    93 ||   126
       Tomahawk          |       |       |       |    11 |    10 ||    21
Invok: Trog's Hand       |     1 |     1 |     4 |     5 |     6 ||    17
       Berserk           |     1 |       |       |       |     1 ||     2
       Brothers in Arms  |       |       |       |     2 |     4 ||     6
 Abil: Hop               |       |       |       |     1 |     1 ||     2
Evoke: Lamp of fire      |       |       |     2 |     8 |     6 ||    16
  Use: Potion            |       |       |       |       |     1 ||     1
  Eat: Chunk             |       |       |     2 |     8 |     7 ||    17
Armor: Animal skin       |    10 |     1 |       |       |       ||    11
       Plate armour      |       |     4 |    27 |    67 |    61 ||   159
Dodge: Dodged            |     9 |    12 |    19 |    37 |    45 ||   122
       Rpst.: Falchion   |     4 |       |       |       |       ||     4
       Scimitar          |       |     2 |       |       |       ||     2
